 Dungeon Crawl Stone Soup version 0.14-a0-2162-g062a2ce (webtiles) character file.

180 Kae the Firebug (level 4, -1/24 HPs)
             Began as a Tengu Fire Elementalist on Jan 28, 2014.
             Slain by an adder (3 damage)
             ... on Level 3 of the Dungeon.
             The game lasted 00:02:20 (2202 turns).

Kae the Firebug (Tengu Fire Elementalist)           Turns: 2202, Time: 00:02:21

HP  -1/24        AC  4     Str  8      XL: 4   Next: 69%
MP   6/9         EV 12     Int 17      God:
Gold 82          SH  0     Dex 14      Spells:  1 memorised,  7 levels left

rFire  . . .     SeeInvis .     e - +0 dagger
rCold  . . .     Clarity  .     a - +0 robe
rNeg   . . .     Conserve .     (no shield)
rPois  .         rCorr    .     (helmet restricted)
rElec  .         rRot     .     t - +1 cloak
SustAb . .       Spirit   .     (no gloves)
rMut   .         Warding  .     (boots unavailable)
Saprov . . .     Stasis   .     (no amulet)
MR     .....                    (no ring)
                                (no ring)

@: mildly poisoned, not resistant to hostile enchantments, fairly stealthy
A: beak, talons 3
a: no special abilities


You were on level 3 of the Dungeon.
You were not hungry.

You visited 1 branch of the dungeon, and saw 3 of its levels.

You collected 82 gold pieces.

Inventory:

Hand weapons
 e - a +0,+0 dagger (weapon)
Armour
 a - a +0 robe (worn)
 t - a +1 cloak (worn)
Comestibles
 c - 2 bread rations
 d - 2 meat rations
 f - an apple
 v - a pear
Scrolls
 g - 4 scrolls of remove curse {unknown}
 h - 3 scrolls of enchant weapon I {unknown}
 i - 2 scrolls of identify {unknown}
 j - a scroll of curse armour {unknown}
 k - a scroll of curse weapon {unknown}
 m - a scroll of enchant weapon II {unknown}
 n - a scroll of random uselessness {unknown}
 o - a scroll of blinking {unknown}
 p - a scroll of teleportation {unknown}
 s - a scroll of amnesia {unknown}
Jewellery
 q - an uncursed ring of flight {unknown}
 r - an uncursed amulet of guardian spirit {unknown}
Potions
 l - a potion of poison {unknown}
 u - a potion of beneficial mutation {unknown}
Books
 b - a book of Flames

   Spells                             Type                      Level
   *Flame Tongue                      Conjuration/Fire             1
   Throw Flame                        Conjuration/Fire             2
   Conjure Flame                      Conjuration/Fire             3
   Inner Flame                        Hexes/Fire                   3
   Sticky Flame                       Conjuration/Fire             4
   Fireball                           Conjuration/Fire             5


   Skills:
 - Level 2.1 Dodging
 - Level 2.0 Stealth
 + Level 2.5 Spellcasting
 * Level 4.0 Conjurations
 * Level 4.3 Fire Magic


You had 7 spell levels left.
You knew the following spells:

 Your Spells              Type           Power        Failure   Level  Hunger
a - Flame Tongue          Conj/Fire      ###..        3%          1    #......


Dungeon Overview and Level Annotations

Branches:
Dungeon (3/16)

Altars:
Trog


Innate Abilities, Weirdness & Mutations

You have a beak for a mouth.
You have claws for feet.


Message History

Aiming: Flame Tongue
Press: ? - help, Shift-Dir - straight line, f - giant frog
Aim: a giant frog The flame hits the giant frog.
The giant frog is moderately wounded.
The giant frog hits you. The adder completely misses you.
The bat hits you but does no damage. The giant frog hits you.
* * * LOW HITPOINT WARNING * * *
The adder closely misses you.
Casting: Flame Tongue
Confirm with . or Enter, or press ? or * to list all spells.
Aiming: Flame Tongue
Press: ? - help, Shift-Dir - straight line, f/p - giant frog
Aim: a giant frog (moderately wounded)
The flame hits the giant frog.
The giant frog is heavily wounded.
The bat closely misses you. The giant frog hits you.
* * * LOW HITPOINT WARNING * * *
The adder bites you.
You die...

##.##..# .......#
##.###.# ##########
#.###.######.........#
#.......>............#
#####.######..b......#
#.# #.........## #.#
#....F.......
#.######..)@........
#.#.........S....[.#
...................
...................
.$>#######..#####. .
#..# #..# #..# #..#


You could see a giant frog, an adder and a bat.

Vanquished Creatures
  Crazy Yiuf (D:2)
  An adder (D:3)
  A giant mite (D:3)
  A worm (D:2)
  3 giant geckos
  An ooze (D:1)
  9 goblins
  5 hobgoblins (D:1)
  A ball python (D:1)
  5 bats (D:2)
  A giant cockroach (D:1)
  3 giant newts
  4 jackals (D:3)
  5 kobolds
  2 rats (D:1)
43 creatures vanquished.

Notes
Turn   | Place    | Note
--------------------------------------------------------------
     0 | D:1      | Kae, the Tengu Fire Elementalist, began the quest for the Orb.
     0 | D:1      | Reached XP level 1. HP: 10/10 MP: 3/3
   298 | D:1      | Reached XP level 2. HP: 13/15 MP: 5/5
   807 | D:1      | Reached XP level 3. HP: 7/19 MP: 5/7
  1300 | D:2      | Reached skill level 4 in Fire Magic
  1621 | D:2      | Noticed Crazy Yiuf
  1625 | D:2      | Killed Crazy Yiuf
  1625 | D:2      | Reached XP level 4. HP: 24/24 MP: 3/9
  2019 | D:2      | Found a bloodstained altar of Trog.
  2192 | D:3      | Noticed a giant frog
  2202 | D:3      | Slain by an adder

Action                   |  1- 3 |  4- 6 || total
-------------------------+-------+-------++-------
Melee: Dagger            |    61 |    14 ||    75
       Unarmed           |     3 |       ||     3
 Cast: Flame Tongue      |    34 |    19 ||    53
 Stab: Sleeping          |     1 |       ||     1
